Map: Nightshade LE

Players

WaRzOnE - Winner!

  • Race: Protoss Protoss
  • League: Master
  • Spawn Location: 5:00

MathewGg

  • Race: Terran Terran
  • League: Diamond
  • Spawn Location: 11:00

VOD

Have the link to the VOD?

Description

Time

  • Played on: Feb. 6, 2020, 11:42 a.m.
  • Length: 5:05
Show
View Real Time Build Order
Export as new Build Order

WaRzOnE Protoss - Winner!

Build Orders:  

Get SALT Encoding   

  12  0:01  Probe  
  13  0:13  Probe  
  14  0:18  Pylon  
  14  0:26  Probe (Chrono Boost)  
  15  0:38  Gateway, Probe (Chrono Boost)  
  16  0:47  Probe (Chrono Boost)  
  16  0:48  Assimilator  
  17  0:52  Probe  
  17  0:56  Assimilator  
  18  1:04  Probe  
  19  1:21  Probe  
  20  1:28  Cybernetics Core  
  20  1:29  Pylon  
  20  1:33  Probe  
  21  1:45  Probe  
  22  1:58  Probe  
  23  2:06  Robotics Facility  
  23  2:09  Robotics Facility  
  23  2:12  Pylon  
  25  2:24  Adept  
  25  2:51  Immortal (Chrono Boost)  
  25  2:53  Immortal (Chrono Boost)  
  33  3:06  Pylon  
  33  3:23  Immortal (Chrono Boost)  
  37  3:35  Warp Prism (Chrono Boost)  
  37  4:05  Immortal (Chrono Boost)  
  37  4:07  Immortal (Chrono Boost)  
  45  4:33  Pylon  
Show
View Real Time Build Order
Export as new Build Order

MathewGg Terran 

Build Orders:  

Get SALT Encoding   

  12  0:01  SCV  
  13  0:13  SCV  
  14  0:17  Supply Depot  
  14  0:25  SCV  
  15  0:38  SCV  
  15  0:41  Barracks  
  16  0:44  Refinery  
  16  0:50  SCV  
  17  1:04  SCV  
  18  1:17  SCV  
  19  1:31  Barracks Reactor  
  19  1:32  Orbital Command  
  19  1:45  Command Center  
  19  1:55  Supply Depot  
  19  2:04  SCV  
  19  2:08  Marine x2  
  22  2:16  Engineering Bay  
  22  2:28  Marine  
  22  2:29  Bunker  
  24  2:31  Refinery  
  24  2:32  SCV  
  24  2:41  Factory  
  24  2:43  Marine  
  25  2:54  Missile Turret  
  25  2:57  Marine  
  26  3:01  Marine  
  27  3:11  Bunker  
  27  3:18  Bunker  
  27  3:26  Orbital Command  
  26  3:33  Marine  
  26  3:34  Factory Tech Lab  
  25  3:48  Bunker  
  25  3:50  Marine x2  
  26  4:07  Bunker  
  26  4:08  Marine  
  27  4:14  Orbital Command  
  27  4:15  Cyclone  
  30  4:24  Supply Depot  
Tags
 
Add a new tag
Caveats
  • Supply blocks, unpowered buildings, or Contaminate may cause inaccurate times.
  • Supply counts are checked every 10 seconds.